 Dungeon Crawl Stone Soup version 0.31-a0-231-g51bb95cda3 (webtiles) character file.

Game seed: 17361985289812621484

67 qw the Shooter (level 4, -1/26 HPs)
             Began as a Gargoyle Hexslinger on July 6, 2023.
             Slain by a gnoll
             ... wielding a +0 spear
              (3 damage)
             ... on level 1 of the Dungeon.
             The game lasted 00:00:27 (1038 turns).

qw the Shooter (Gargoyle Hexslinger)                Turns: 1038, Time: 00:00:27

Health: -1/26      AC:  7    Str: 11    XL:     4   Next: 16%
Magic:  5/5        EV: 11    Int: 14    God:
Gold:   26         SH:  0    Dex: 14    Spells: 4/5 levels left

rFire   . . .        Y - +2 sling
rCold   . . .        (no shield)
rNeg    + . .        g - +0 leather armour
rPois   inf          (no helmet)
rElec   +            (no cloak)
rCorr   .            (no gloves)
SInv    .            d - +0 pair of boots
Will    .....        (no amulet)
Stlth   +            f - +4 ring of slaying {mikee}
HPRegen 0.24/turn    (no ring)
MPRegen 0.09/turn

%: no passive effects
@: no status effects
A: sickness immunity, AC +3, negative energy resistance 1, electricity
resistance, torment resistance 1, petrification resistance
a: no special abilities


You were on level 1 of the Dungeon.
You visited 1 branch of the dungeon, and saw 2 of its levels.

You collected 26 gold pieces.


Innate Abilities, Weirdness & Mutations

You are immune to sickness and miasma.
Your stone body is resilient. (AC +3)
You are immune to poison.
You resist negative energy. (rN+)
You are resistant to electric shocks. (rElec)
You are resistant to unholy torment.
You are immune to petrification.


   Skills:
 - Level 2.0 Fighting
 + Level 4.0 Ranged Weapons
 - Level 1.5 Dodging
 - Level 1.0 Spellcasting
 - Level 2.6 Hexes


You had 4 spell levels left.
You knew the following spells:

 Your Spells              Type           Power      Damage    Failure   Level
a - Slow                  Hex            32%        N/A       12%         1

Your spell library contained the following spells:

 Spells                   Type           Power      Damage    Failure   Level
 Inner Flame              Hex/Fire       4%         N/A       52%         3
 Portal Projectile        Hex/Tloc       8%         N/A       52%         3
 Cause Fear               Hex            4%         N/A       75%         4

Inventory:

Hand Weapons
 Y - a +2 sling (weapon)
Armour
 d - a +0 pair of boots (worn)
 g - a +0 leather armour (worn)
Jewellery
 f - a +4 ring of slaying (left hand) {mikee}
Scrolls
 a - a scroll of identify

Dungeon Overview and Level Annotations

Branches:
Dungeon (2/15)

Altars:


Message History

You climb downwards.
The gnoll hits you but does no damage.
There is a stone staircase leading up here.
You shoot a sling bullet. The sling bullet hits the gnoll!
The gnoll is heavily wounded.
The gnoll hits you with a +0 spear.
The ball python bites you but does no damage.
The ball python grabs you. The ball python constricts you.
You shoot a sling bullet.
The sling bullet barely misses the ball python.
The sling bullet barely misses the gnoll.
The ball python closely misses you. The ball python constricts you.
The gnoll closely misses you. The ball python barely misses you.
The ball python constricts you. The gnoll hits you with a +0 spear.
You shoot a sling bullet.
The sling bullet closely misses the ball python.
The sling bullet hits the gnoll.
The gnoll is moderately wounded.
The ball python barely misses you. The ball python constricts you.
The gnoll hits you but does no damage.
You shoot a sling bullet. The sling bullet hits the ball python.
You kill the ball python!
The gnoll hits you but does no damage.
The gnoll throws a throwing net.
The throwing net hits you.
You become entangled in the net!
You tear a large gash into the net.
The gnoll hits you with a +0 spear.
You struggle against the net.
The gnoll barely misses you. The gnoll hits you with a +0 spear.
You shred the net and break free! The gnoll barely misses you.
The gnoll hits you with a +0 spear.
1035 ||| STAIRDANCE The gnoll misses you.
The gnoll hits you with a +0 whip.
You climb upwards.
There is a stone staircase leading down here.
You shoot a sling bullet.
The sling bullet barely misses the gnoll.
The gnoll barely misses you. The gnoll hits you with a +0 spear.
You shoot a sling bullet. The sling bullet hits the gnoll.
The gnoll is severely wounded.
The gnoll hits you with a +0 whip! The gnoll hits you with a +0 spear.
You die...

#.####.# #.# #....%.#
#.# ######## #.# #.# #.#
######## #.#
#......##### #.#
#.##gg.....#####.####
#.##@#..#......)....#
########
#.##.#.....#####.##.#
.......# #.#......#.#
##...... ######?#
#.#........# #......#
######.######.#.##.#####
##...#..
#.........##.#.##.#
#..####
#.###.###.##......#
#...... #.# #.#
#.####.#### ##.#### #.#
#.###.# #.# ##+##


You could see 2 gnolls.

Vanquished Creatures
  An adder (D:1)
  2 gnolls (D:2)
  A dart slug (D:1)
  5 endoplasms (D:1)
  3 goblins (D:1)
  2 hobgoblins (D:1)
  A jackal (D:1)
  3 kobolds (D:1)
  3 quokkas (D:1)
  5 ball pythons
  5 frilled lizards (D:1)
  6 rats (D:1)
37 creatures vanquished.

Notes
Turn   | Place    | Note
-------+----------+-------------------------------------------
     0 | D:1      | qw the Gargoyle Hexslinger began the quest for the Orb.
     0 | D:1      | Reached XP level 1. HP: 12/12 MP: 2/2
     0 | D:1      | 0 ||| qw: Version: 0.3-a-46-gb1f654a
     0 | D:1      | 0 ||| qw: Game counter: 1848
     0 | D:1      | 0 ||| qw: Melee chars always use a shield: true
     0 | D:1      | 0 ||| qw: God list: Okawaru
     0 | D:1      | 0 ||| qw: Allow faded altars: false
     0 | D:1      | 0 ||| qw: Do Orc after clearing Dungeon:15 true
     0 | D:1      | 0 ||| qw: Do second Lair branch before Depths: true
     0 | D:1      | 0 ||| qw: Lair rune preference: random
     0 | D:1      | 0 ||| qw: Goals: Normal
     0 | D:1      | 0 ||| PLANNING D:1-11
     6 | D:1      | Noticed a wyvern
     6 | D:1      | Noticed a polar bear
     6 | D:1      | Noticed a wolf
     7 | D:1      | Noticed a redback
   136 | D:1      | Reached XP level 2. HP: 16/16 MP: 3/3
   280 | D:1      | Reached skill level 3 in Ranged Weapons
   422 | D:1      | Reached XP level 3. HP: 19/21 MP: 4/4
   912 | D:1      | 912 ||| UPGRADING to +0 pair of boots.
   917 | D:1      | 917 ||| UPGRADING to +0 leather armour.
   927 | D:1      | 927 ||| DROPPING +0 robe.
   928 | D:1      | 928 ||| UPGRADING to +4 ring of slaying {mikee}.
   929 | D:1      | 929 ||| READING 3 scrolls labelled WAMOESKEA BIAS.
   930 | D:1      | 930 ||| READING scroll labelled MUFRUSHRONOY.
   931 | D:1      | 931 ||| READING 2 scrolls of identify.
   931 | D:1      | 931 ||| IDENTIFYING murky brown potion
   932 | D:1      | 932 ||| DROPPING scroll of poison.
   933 | D:1      | 933 ||| DROPPING potion of lignification.
   990 | D:2      | 990 ||| STAIRDANCE
   994 | D:1      | Reached XP level 4. HP: 19/26 MP: 5/5
   996 | D:1      | Reached skill level 4 in Ranged Weapons
  1035 | D:2      | 1035 ||| STAIRDANCE
  1038 | D:1      | HP: 2/26 [gnoll/+0 whip (7)]
  1038 | D:1      | Slain by a gnoll

Levels and vault maps discovered:
D:1:      onia_arrival_zoo_common, layout_loops_corners, minmay_3d_cube
D:2:      layout_rooms, st_stairs_3

Skill      XL: |  1  2  3  4 |
---------------+-------------+-----
Ranged Weapons | 3 4 |  4.0
Fighting       | 2 |  2.0
Dodging        | |  1.5
Spellcasting   | |  1.0
Hexes          | |  2.6

Action                     |  1- 3 |  4- 6 || total
---------------------------+-------+-------++-------
   Fire: Sling             |   111 |     8 ||   119
    Use: Scroll            |     3 |       ||     3
 Armour: Robe              |    17 |       ||    17
         Leather armour    |    10 |     4 ||    14
  Dodge: Dodged            |    37 |     9 ||    46

Table legend:
 A = Non-vault XP
 B = Vault XP
 C = Vault XP percentage of total XP
 D = Non-vault monster count
 E = Vault monster count
 F = Vault count percentage of total count
                 A         B        C        D         E       F
            +---------+---------+-------+---------+---------+-------
      Total |      90 |       6 |   6.2 |      33 |       4 |  10.8
            +---------+---------+-------+---------+---------+-------
        D:1 |      60 |       6 |   9.1 |      30 |       4 |  11.8
        D:2 |      30 |       0 |   0.0 |       3 |       0 |   0.0
            +---------+---------+-------+---------+---------+-------
